 Dungeon Crawl Stone Soup version 0.24.0-125-gc4c63601f3 (webtiles) character file.

Game seed: 15539003290934459298, levelgen mode: deterministic

68 Frank2 the Cudgeler (level 4, -3/34 HPs)
             Began as a Demonspawn Gladiator on Mar 8, 2020.
             Slain by a gnoll
             ... wielding a cursed +0 whip
              (8 damage)
             ... on level 3 of the Dungeon.
             The game lasted 00:03:40 (1034 turns).

Frank2 the Cudgeler (Demonspawn Gladiator)          Turns: 1034, Time: 00:03:40

Health: -3/34      AC:  5    Str: 14    XL:     4   Next: 1%
Magic:  4/4        EV: 12    Int:  9    God:
Gold:   108        SH:  0    Dex: 16    Spells: 3/3 levels left

rFire    . . .     SeeInvis .   a - +0 flail
rCold    . . .     Gourm    .   (no shield)
rNeg     . . .     Faith    .   k - +0 ring mail
rPois    .         Spirit   .   (helmet restricted)
rElec    .         Reflect  .   (no cloak)
rCorr    .         Harm     .   (no gloves)
MR       .....                  (no boots)
Stlth    +.........             (no amulet)
HPRegen  0.11/turn              (no ring)
MPRegen  0.09/turn              (no ring)

@: no status effects
A: horns 1
a: no special abilities


You were on level 3 of the Dungeon.
You were hungry.

You visited 1 branch of the dungeon, and saw 3 of its levels.

You collected 108 gold pieces.

Inventory:

Hand Weapons
 a - a +0 flail (weapon)
Missiles
 d - 2 throwing nets (quivered)
Armour
 c - a +0 helmet
 k - a +0 ring mail (worn)
Jewellery
 j - an uncursed ring of magical power {unknown}
Scrolls
 e - a scroll of teleportation {unknown}
 h - a scroll of fear {unknown}
 i - a scroll of enchant armour {unknown}
Potions
 b - a potion of mutation {unknown}
 g - a potion of experience {unknown}
Comestibles
 f - 2 rations
 l - a chunk of flesh


   Skills:
 + Level 2.6 Fighting
 + Level 3.9 Maces & Flails
 - Level 1.7 Throwing
 + Level 0.6 Armour
 + Level 2.8 Dodging


You had 3 spell levels left.
You didn't know any spells.
Your spell library was empty.

Dungeon Overview and Level Annotations

Branches:
Dungeon (2/15)

Altars:
Nemelex Xobeh


Innate Abilities, Weirdness & Mutations

You have a pair of small horns on your head.


Message History

A gnoll comes into view. It is wielding a +0 spear.
The gnoll shouts!
You hear a shout!
A gnoll comes into view. It is wielding a +0 whip.
A gnoll comes into view. It is wielding a +0 whip.
The gnoll hits you with a +0 spear.
You hit the gnoll.
The gnoll is lightly wounded.
The gnoll hits you with a +0 spear.
You sock the gnoll! Your headbutt misses the gnoll.
The gnoll is severely wounded.
The gnoll hits you with a +0 spear. The gnoll hits you with a +0 whip.
* * * LOW HITPOINT WARNING * * *
The gnoll barely misses you. The gnoll closely misses you.
You hit the gnoll.
You kill the gnoll!
You have reached level 4!
You feel agile. The gnoll hits you but does no damage.
The gnoll hits you with a cursed +0 whip!
You die...

#..........#
#......†...#
#..........#
#..........#
#....(.....#
.##..........#
#...g.........#
...g####)g#####
...g. #@## ....
#g#
...............#
....###..###...
## #... #.#.#
..#.. .#.... .
.###.


You could see 2 gnolls.

Vanquished Creatures
  A gnoll (D:3)
  An ooze (D:1)
  2 worms
  A leopard gecko (D:1)
  3 giant cockroaches
  3 hobgoblins (D:1)
  5 jackals (D:1)
  3 kobolds (D:1)
  10 bats
  3 frilled lizards (D:1)
  7 goblins
  3 rats (D:1)
42 creatures vanquished.

Vanquished Creatures (others)
  A plant (D:1)
1 creature vanquished.

Grand Total: 43 creatures vanquished

Notes
Turn   | Place    | Note
-------+----------+-------------------------------------------
     0 | D:1      | Frank2 the Demonspawn Gladiator began the quest for the
                  | Orb.
     0 | D:1      | Reached XP level 1. HP: 16/16 MP: 1/1
    47 | D:1      | Reached skill level 3 in Maces & Flails
    64 | D:1      | Gained mutation: You have a pair of small horns on your
                  | head. [demonic ancestry]
    64 | D:1      | Reached XP level 2. HP: 5/22 MP: 2/2
   464 | D:1      | Reached XP level 3. HP: 20/28 MP: 3/3
   668 | D:1      | Found a sparkling altar of Nemelex Xobeh.
   997 | D:2      | You fall into a shaft and drop 1 floor!
  1034 | D:3      | Reached XP level 4. HP: 5/34 MP: 4/4
  1034 | D:3      | Slain by a gnoll

Levels and vault maps discovered:
D:1:      roderic_crop_circles_arrival_small, layout_rooms, st_stairs_8,
          nemelex_diamond_rough_becter
D:2:      layout_loops_ring, led_sif_pool
D:3:      layout_rooms, lemuel_crystal_altar, gup_sewer_entry_pipe

Skill      XL: |  1 |
---------------+----+-----
Maces & Flails | 3 |  3.9
Fighting       | |  2.6
Throwing       | |  1.7
Armour         | |  0.6
Dodging        | |  2.8

Action                   |  1- 3 |  4- 6 || total
-------------------------+-------+-------++-------
Melee: Flail             |   121 |       ||   121
       Headbutt          |     6 |       ||     6
Throw: Throwing net      |     4 |       ||     4
 Stab: Held in net/web   |     2 |       ||     2
Armor: Leather armour    |    33 |       ||    33
       Ring mail         |     5 |     1 ||     6
Dodge: Dodged            |   107 |       ||   107
